 Dungeon Crawl Stone Soup version 0.24.1-14-gf8d2b509d9 (console) character file.

Game seed: 4284024251930964394, levelgen mode: deterministic

306 Kagalorn the Chopper (level 6, 0/51 HPs)
             Began as a Minotaur Wanderer on July 23, 2021.
             Slain by a river rat (7 damage)
             ... on level 4 of the Dungeon.
             The game lasted 00:04:50 (2830 turns).

Kagalorn the Chopper (Minotaur Wanderer)            Turns: 2830, Time: 00:04:51

Health: 0/51       AC:  7    Str: 18    XL:     6   Next: 16%
Magic:  5/5        EV:  9    Int:  7    God:
Gold:   89         SH: 13    Dex: 12    Spells: 5/5 levels left

rFire    . . .     SeeInvis .   a - +0 hand axe
rCold    . . .     Gourm    .   c - +0 shield
rNeg     . . .     Faith    .   b - +0 ring mail
rPois    .         Spirit   .   (helmet restricted)
rElec    .         Reflect  +   (no cloak)
rCorr    .         Harm     .   w - +0 pair of gloves
MR       +....                  (no boots)
Stlth    +.........             o - +4 amulet of reflection
HPRegen  0.17/turn              t - ring of protection from magic
MPRegen  0.09/turn              v - +1 ring of evasion

@: no status effects
A: retaliatory headbutt, horns 2
a: no special abilities


You were on level 4 of the Dungeon.
You were not hungry.

You visited 1 branch of the dungeon, and saw 4 of its levels.

You collected 89 gold pieces.

Inventory:

Hand Weapons
 a - a +0 hand axe (weapon)
Missiles
 e - 66 stones (quivered)
 f - 40 sling bullets
 j - 15 bolts
Armour
 b - a +0 ring mail (worn)
 c - a +0 shield (worn)
 w - a +0 pair of gloves (worn)
Jewellery
 o - a +4 amulet of reflection (around neck)
 q - an uncursed amulet of faith
 t - a ring of protection from magic (left hand)
 v - a +1 ring of evasion (right hand)
Scrolls
 g - 3 scrolls of identify {unknown}
 i - 2 scrolls of enchant armour {unknown}
 k - 5 scrolls of remove curse {unknown}
 l - a scroll of noise {unknown}
 m - 4 scrolls of teleportation {unknown}
 r - 2 scrolls of amnesia {unknown}
 s - 2 scrolls of fog {unknown}
Potions
 h - 2 potions of heal wounds {unknown}
 n - a potion of invisibility {unknown}
 p - 2 potions of curing {unknown}
 u - a potion of lignification {unknown}
Comestibles
 d - 7 rations


   Skills:
 + Level 3.4 Fighting
   Level 2.4 Long Blades
 * Level 5.3 Axes
 + Level 4.0 Armour
 - Level 1.0 Stealth
 + Level 4.0 Shields


You had 5 spell levels left.
You didn't know any spells.
Your spell library was empty.

Dungeon Overview and Level Annotations

Branches:
Dungeon (4/15)
 Temple: D:4-7

Altars:
Fedhas


Innate Abilities, Weirdness & Mutations

You reflexively headbutt those who attack you in melee.
You have a pair of horns on your head.


Message History

You hit the ogre. You headbutt the ogre.
The ogre is almost dead.
You hear the slow rusting of a drain nearby.
The ogre hits you with a +0 giant club!
* * * LOW HITPOINT WARNING * * *
You hit the ogre.
You kill the ogre!
Your Armour skill increases to level 4!
Your Shields skill increases to level 4!
You have reached level 6!
Your experience leads to an increase in your attributes!
Increase (S)trength, (I)ntelligence, or (D)exterity?
You feel stronger.
Press: ? - help, v - describe, . - travel, g - get item
Here: a river rat A +0 giant club.
There is something else lying underneath.
The floor, spattered with blood.
The river rat bites you!
You die...

#.#..#####.# ##
#.#..##.##.####
##.#..#.#......# ##
#......###..##.#
###.
##.#..#.#.#.##.#
...# ####...........
#.. ####.##.##.#
#)##### #.##.##[#
#.r@..### #.....<.#
##......# ###...###
#.##.#.# #...#
#.##.#.# #...#
#.##.#.#### #...#
#.........###[..###
#$.................
...#..#...†.........
#.....#.............


You could see a river rat.

Vanquished Creatures
  An ogre (D:4)
  Jessica (D:3)
  7 gnolls
  5 adders
  An ooze (D:3)
  A worm (D:2)
  2 dart slugs
  3 leopard geckos
  3 orcs (D:3)
  12 giant cockroaches
  6 goblins
  6 hobgoblins
  3 quokkas (D:3)
  A ball python (D:2)
  9 bats
  2 frilled lizards
  7 kobolds
  6 rats
76 creatures vanquished.

Vanquished Creatures (others)
  A kobold (D:3)
1 creature vanquished.

Grand Total: 77 creatures vanquished

Notes
Turn   | Place    | Note
-------+----------+-------------------------------------------
     0 | D:1      | Kagalorn the Minotaur Wanderer began the quest for the Orb.
     0 | D:1      | Kagalorn set off with the following items: a +0 hand axe, a
                  | +0 ring mail, a +0 shield, a ration
     0 | D:1      | Reached XP level 1. HP: 16/16 MP: 0/0
   371 | D:1      | Reached XP level 2. HP: 23/23 MP: 1/1
   426 | D:1      | Reached skill level 3 in Axes
   966 | D:2      | Found a blossoming altar of Fedhas.
  1140 | D:2      | Reached XP level 3. HP: 28/29 MP: 2/2
  1422 | D:2      | Reached XP level 4. HP: 25/36 MP: 3/3
  1675 | D:3      | Noticed Jessica
  1677 | D:3      | Reached skill level 4 in Axes
  1685 | D:3      | Killed Jessica
  1882 | D:3      | Reached XP level 5. HP: 42/42 MP: 4/4
  2603 | D:3      | Reached skill level 5 in Axes
  2819 | D:4      | Noticed an ogre
  2829 | D:4      | Killed an ogre
  2829 | D:4      | Reached XP level 6. HP: 7/51 MP: 5/5
  2830 | D:4      | Slain by a river rat

Levels and vault maps discovered:
D:1:      sevenhm_arrival_forest_fort_small_4, layout_loops_ring,
          serial_co_window_serial, co_window_paths_a, co_window_paths_a,
          co_window_paths_a, co_window_paths_a, co_window_cross_1,
          co_window_paths_a, co_window_corner_b, co_window_corner_b,
          co_window_broadway_c, co_window_corner_ca, glass_columns_b,
          glass_columns_a, grunt_decor_cap
D:2:      layout_rooms, fedhas_altar_2
D:3:      minmay_roachtagon, layout_loops_corners, minivault_11, uniq_jessica
D:4:      layout_loops_cross, lightli_sewer_entry_pipes

Skill      XL: |  1  2  3  4  5 |
---------------+----------------+-----
Axes           | 3 4 5 |  5.3
Fighting       | 2 3 |  3.4
Armour         | 3 4 |  4.0
Shields        | 3 4 |  4.0
Long Blades    | |  2.4
Stealth        | |  1.0

Action                   |  1- 3 |  4- 6 || total
-------------------------+-------+-------++-------
Melee: Hand axe          |    73 |   142 ||   215
       Headbutt          |    14 |    21 ||    35
  Eat: Ration            |       |     1 ||     1
       Chunk             |       |     3 ||     3
Armor: Ring mail         |    31 |    37 ||    68
Dodge: Dodged            |    18 |    37 ||    55
Block: Shield            |    46 |    98 ||   144
       Reflection        |       |     4 ||     4
